 Dungeon Crawl Stone Soup version 0.30-a0-341-g682706514a (webtiles) character file.

Game seed: 15584679558490195477

68 BritishOli the Trooper (level 4, 35/35 HPs)
             Began as a Demonspawn Fighter on Nov 4, 2022.
             Got out of the dungeon alive.
             The game lasted 00:02:30 (1977 turns).

BritishOli the Trooper (Demonspawn Fighter)         Turns: 1977, Time: 00:02:30

Health: 35/35      AC:  8    Str: 18    XL:     4   Next: 1%
Magic:  4/4        EV:  9    Int: 10    God:
Gold:   52         SH:  4    Dex: 12    Spells: 3/3 levels left

rFire   + . .      SeeInvis .    a - +0 long sword
rCold   + . .      Faith    .    c - +0 buckler
rNeg    . . .      Spirit   .    b - +0 scale mail
rPois   .          Reflect  .    (no helmet)
rElec   .          Harm     .    m - scarf {rC+ rF+}
rCorr   .          Rampage  .    f - +0 pair of gloves
Will    .....                    (no boots)
Stlth   ..........               (no amulet)
HPRegen 0.25/turn                (no ring)
MPRegen 0.09/turn                (no ring)

@: no status effects
A: sturdy frame 1, demonic magic 1
a: no special abilities


You escaped.
You visited 1 branch of the dungeon, and saw 2 of its levels.

You collected 52 gold pieces.

Inventory:

Hand Weapons
 a - a +0 long sword (weapon)
Armour
 b - a +0 scale mail (worn)
 c - a +0 buckler (worn)
 f - a +0 pair of gloves (worn)
 m - a scarf of resistance (worn)
Scrolls
 g - 4 scrolls of identify {unknown}
 i - 3 scrolls of teleportation {unknown}
 j - a scroll of enchant armour {unknown}
 k - a scroll of immolation {unknown}
Potions
 d - a potion of might
 e - a potion of flight {unknown}
 h - a potion of curing {unknown}
 l - a potion of mutation {unknown}


   Skills:
 + Level 3.5 Fighting
 + Level 2.4 Long Blades
 + Level 3.2 Armour
 + Level 3.2 Shields


You had 3 spell levels left.
You didn't know any spells.
Your spell library contained the following spells:

 Spells                   Type           Power      Damage    Failure   Level
 Freeze                   Ice            0%         1d3       71%         1
 Frozen Ramparts          Ice            0%         1d1       97%         3
 Hailstorm                Conj/Ice       0%         3d3       97%         3


Dungeon Overview and Level Annotations

Branches:
Dungeon (2/15)

Altars:


Innate Abilities, Weirdness & Mutations

Your movements are slightly less encumbered by armour. (ER -2)
Spells you cast may paralyse adjacent enemies.


Message History

The adder is moderately wounded.
The adder barely misses you. The adder closely misses you.
You hit the adder.
The adder is heavily wounded.
The adder bites you but does no damage.
You barely miss the adder.
The adder is heavily wounded.
You block the adder's attack. The adder barely misses you.
An adder is nearby!
You hit the adder.
You kill the adder!
You see here an adder corpse.
A goblin comes into view. It is wielding a +0 club.
The goblin shouts!
A goblin is nearby!
A goblin is nearby!
A goblin is nearby!
The goblin barely misses you.
A goblin is nearby!
You hit the goblin.
You kill the goblin!
You have reached level 4!
You feel clever.
Your demonic ancestry asserts itself...
A menacing aura infuses your magic.
Done exploring.
No target in view!
Done exploring.
(D) Dungeon
Where to? (Enter - D:2 @ (x,y), ? - help)
Things that are here:
a +0 club; a goblin corpse
There is a stone staircase leading up here.
You climb upwards.
There is a stone staircase leading down here.
(D) Dungeon
Where to? (Enter - D:1, ? - help)
Okay, then.
There is a staircase leading out of the dungeon here.
Are you sure you want to leave the Dungeon?
This will make you lose the game!
You have escaped!

..### #............ ###
############# # ### ### #...#
#####.#### ####♣.## #...#
.........#####..♣.♣.###...#
.####.##.#....#♣.♣##..#...#######
.####....#.#####..♣##.....+......
...........# ♣..♣ ###...##.###.
...##.##..## ♣@♣#######.##.###.
.#..#.##..# #♣##..............
..........# #####.#####.#..###.
#.........## #.....# #.#..# #.
#.##..##.#.# #..########.#..####
.........#.# #..................
.........#.# ##..###.###....####
.####..#...#####..###.###....####
.# ##...........................


There were no monsters in sight!

Vanquished Creatures
  A gnoll (D:1)
  An adder (D:2)
  A worm (D:2)
  A dart slug (D:2)
  5 bats
  An endoplasm (D:2)
  2 giant cockroaches
  7 goblins
  5 hobgoblins
  4 jackals (D:2)
  3 quokkas
  5 ball pythons
  2 frilled lizards (D:1)
  4 rats
42 creatures vanquished.

Notes
Turn   | Place    | Note
-------+----------+-------------------------------------------
     0 | D:1      | BritishOli the Demonspawn Fighter began the quest for the
                  | Orb.
     0 | D:1      | Reached XP level 1. HP: 18/18 MP: 1/1
    27 | D:1      | Gained mutation: Your movements are slightly less
                  | encumbered by armour. (ER -2) [demonic ancestry]
    27 | D:1      | Reached XP level 2. HP: 12/24 MP: 2/2
   284 | D:1      | Found a faded altar of an unknown god.
   590 | D:1      | Reached XP level 3. HP: 29/29 MP: 3/3
  1923 | D:2      | Gained mutation: Spells you cast may paralyse adjacent
                  | enemies. [demonic ancestry]
  1923 | D:2      | Reached XP level 4. HP: 35/35 MP: 4/4
  1977 | D:$      | Got out of the dungeon alive.

Illustrated notes

Levels and vault maps discovered:
D:1:      pf_arrival_petrified_forest, layout_basic, basic_ecumenical_altar
D:2:      layout_basic

Skill      XL: |  1  2 |
---------------+-------+-----
Long Blades    | 2 |  2.4
Shields        | 3 |  3.2
Armour         | 3 |  3.2
Fighting       | |  3.5

Action                   |  1- 3 |  4- 6 || total
-------------------------+-------+-------++-------
Melee: Long sword        |   165 |       ||   165
Armor: Scale mail        |   108 |       ||   108
Dodge: Dodged            |    76 |       ||    76
Block: Buckler           |    50 |       ||    50

Table legend: (Time is in decaauts)
 A = Elapsed time spent in this place.
 B = Non-inter-level travel time spent in this place.
 C = Inter-level travel time spent in this place.
 D = Time resting spent in this place.
 E = Time spent auto-exploring this place.
 F = Levels seen in this place.
 G = Mean time per level.
                   A        B        C        D        E       F      G
               +--------+--------+--------+--------+--------+-----+--------+
         Total |   2031 |   1877 |    154 |      0 |   1510 |   2 | 1015.5 |
       Dungeon |   2031 |   1877 |    154 |      0 |   1510 |   2 | 1015.5 |
               +--------+--------+--------+--------+--------+-----+--------+

Top non-repeatable levels by time:
     D:1: 1064 daAuts
     D:2: 966 daAuts
